Map: Pillars of Gold LE

Players

Snowwy

  • Race: Zerg Zerg
  • League: Diamond
  • Spawn Location: 1:00

Furis - Winner!

  • Race: Terran Terran
  • Spawn Location: 7:00

VOD

Have the link to the VOD?

Description

Time

  • Played on: March 26, 2021, 2 p.m.
  • Length: 7:42
Show
View Real Time Build Order
Export as new Build Order

Snowwy Zerg 

Build Orders: Hatch First 

Get SALT Encoding   

  12  0:00  Drone  
  13  0:13  Overlord  
  13  0:18  Drone  
  14  0:31  Drone x2  
  16  0:35  Drone  
  17  0:55  Hatchery  
  17  0:56  Drone  
  17  1:01  Extractor  
  17  1:02  Drone  
  17  1:08  Drone  
  18  1:22  Spawning Pool  
  18  1:23  Drone  
  18  1:30  Drone  
  19  1:40  Drone  
  20  1:52  Drone  
  21  2:09  Queen x2  
  21  2:10  Zergling x4  
  26  2:45  Hatchery  
  25  2:52  Overlord x2  
  25  2:58  Pneumatized Carapace  
  25  3:08  Drone x3  
  25  3:12  Zergling x6  
  31  3:22  Queen  
  33  3:28  Drone x5  
  33  3:29  Drone  
  39  3:53  Drone x2  
  39  3:54  Drone  
  42  3:56  Drone x2  
  42  3:57  Drone  
  42  4:01  Metabolic Boost  
  45  4:04  Queen  
  45  4:06  Queen  
  45  4:08  Overlord  
  45  4:09  Overlord  
  49  4:42  Zergling x8  
  49  4:43  Zergling x10  
  58  5:02  Drone  
  58  5:03  Drone x7  
  66  5:09  Spore Crawler, Lair  
  66  5:10  Spore Crawler  
  64  5:16  Overlord x3, Drone  
  65  5:26  Queen  
  66  5:34  Queen  
  68  5:36  Drone  
  68  5:37  Drone x5  
  74  5:43  Baneling Nest  
  74  5:47  Evolution Chamber  
  74  5:48  Evolution Chamber  
  72  5:50  Drone x3  
  72  5:56  Extractor  
  73  5:58  Extractor x2  
  73  6:01  Queen  
  73  6:04  Zergling x8  
  67  6:08  Queen  
  67  6:09  Queen  
  74  6:18  Zergling x8  
  75  7:04  Drone  
  75  7:05  Drone x3  
  75  7:06  Drone x2  
  75  7:07  Drone x3  
Show
View Real Time Build Order
Export as new Build Order

Furis Terran - Winner!

Build Orders: Reaper Expand 

Get SALT Encoding   

  12  0:00  SCV  
  13  0:12  SCV  
  14  0:18  Supply Depot  
  14  0:24  SCV  
  15  0:40  SCV  
  15  0:41  Barracks  
  16  0:46  Refinery  
  16  0:52  SCV  
  17  1:04  SCV  
  18  1:16  SCV  
  19  1:28  Orbital Command  
  19  1:29  Reaper  
  20  1:44  Command Center  
  20  1:54  SCV  
  21  2:01  Supply Depot, Marine  
  22  2:08  SCV  
  23  2:16  Refinery  
  23  2:22  Barracks Reactor  
  23  2:23  SCV  
  23  2:27  Factory  
  24  2:35  SCV  
  25  2:50  SCV  
  26  2:56  Orbital Command  
  26  3:02  SCV  
  27  3:14  SCV  
  27  3:18  Hellion x2  
  32  3:26  SCV x2  
  34  3:32  Supply Depot  
  34  3:38  Starport, SCV  
  34  3:39  Hellion x2  
  39  3:52  SCV x2  
  41  3:58  Barracks Tech Lab  
  41  4:01  Hellion x2  
  41  4:02  Refinery  
  45  4:04  SCV x2  
  47  4:10  Supply Depot  
  47  4:16  SCV  
  47  4:17  SCV  
  49  4:20  Fusion Core  
  49  4:28  SCV  
  49  4:29  SCV  
  51  4:34  Supply Depot  
  51  4:35  Supply Depot  
  51  4:38  Hellion x2  
  55  4:41  SCV  
  55  4:45  SCV  
  57  5:01  Hellion  
  57  5:02  Hellion  
  57  5:05  Supply Depot  
  61  5:10  Refinery  
  61  5:12  Battlecruiser  
  67  5:15  Command Center  
  63  5:36  Barracks Tech Lab  
  63  5:41  Engineering Bay x2  
  63  5:44  SCV x2, Barracks x2  
  65  5:56  SCV x2  
  66  6:09  SCV x2  
  68  6:16  Battlecruiser  
  74  6:21  Factory Tech Lab  
  74  6:22  Barracks x2  
  74  6:26  Marine  
  67  7:08  Barracks Reactor x2  
  67  7:11  Marine x3  
  67  7:12  Marine  
  75  7:15  SCV  
  75  7:16  SCV  
  76  7:27  SCV  
Tags
 
Add a new tag
Caveats
  • Supply blocks, unpowered buildings, or Contaminate may cause inaccurate times.
  • Supply counts are checked every 10 seconds.